 Dungeon Crawl Stone Soup version 0.23-b1-70-gd12f7cf (webtiles) character file.

Game seed: 17979490644308814107

40 Yuikono the Stinger (level 3, 24/28 HPs)
             Began as a Gnoll Wanderer on Feb 6, 2019.
             Quit the game on level 2 of the Dungeon.
             The game lasted 00:03:47 (1045 turns).

Yuikono the Stinger (Gnoll Wanderer)                Turns: 1045, Time: 00:03:48

Health: 24/28      AC:  9    Str: 16    XL:     3   Next: 50%
Magic:  9/9        EV:  9    Int: 14    God:
Gold:   102        SH:  0    Dex: 13    Spells: 11/12 levels left

rFire    . . .     SeeInvis .   j - +0 spear
rCold    . . .     Gourm    .   (no shield)
rNeg     . . .     Faith    .   a - +2 scale mail
rPois    .         Spirit   .   (no helmet)
rElec    .         Reflect  .   (no cloak)
rCorr    .         Harm     .   (no gloves)
MR       .....                  (no boots)
Stlth    +.........             (no amulet)
HPRegen  0.09/turn              (no ring)
MPRegen  0.11/turn              (no ring)

@: no status effects
A: distributed training, fangs 1, strong nose
a: no special abilities


You were on level 2 of the Dungeon.
You were hungry.

You visited 1 branch of the dungeon, and saw 2 of its levels.

You collected 102 gold pieces.

Inventory:

Hand Weapons
 i - a +0 dagger
 j - a +0 spear (weapon)
Missiles
 e - 22 stones (quivered)
 h - 2 tomahawks
 k - 22 arrows
Armour
 a - a +2 scale mail (worn)
Scrolls
 b - a scroll of remove curse {unknown}
 c - a scroll of enchant weapon {unknown}
 d - a scroll of noise {unknown}
 m - 3 scrolls of teleportation {unknown}
 o - a scroll of amnesia {unknown}
Potions
 g - a potion of berserk rage {unknown}
 l - a potion of flight {unknown}
 n - a potion of magic {unknown}
Comestibles
 f - a ration


   Skills:
 + Level 2.6 Fighting
 + Level 0.8 Short Blades
 + Level 0.8 Long Blades
 + Level 0.8 Axes
 + Level 0.8 Maces & Flails
 + Level 0.8 Polearms
 + Level 0.8 Staves
 + Level 0.8 Slings
 + Level 0.8 Bows
 + Level 0.8 Crossbows
 + Level 2.6 Throwing
 + Level 4.5 Armour
 + Level 0.8 Dodging
 + Level 2.4 Stealth
 + Level 0.8 Shields
 + Level 0.8 Unarmed Combat
 + Level 5.0 Spellcasting
 + Level 0.5 Conjurations
 + Level 0.5 Hexes
 + Level 0.5 Charms
 + Level 0.5 Summonings
 + Level 0.5 Necromancy
 + Level 0.5 Translocations
 + Level 0.5 Transmutations
 + Level 0.5 Fire Magic
 + Level 0.5 Ice Magic
 + Level 0.5 Air Magic
 + Level 0.5 Earth Magic
 + Level 5.4 Poison Magic
 + Level 1.0 Invocations
 + Level 0.8 Evocations


You had 11 spell levels left.
You knew the following spells:

 Your Spells              Type           Power        Failure   Level  Hunger
a - Sting                 Conj/Pois      ##..         17%         1    None

Your spell library contained the following spells:

 Spells                   Type           Power        Failure   Level  Hunger
 Spider Form              Tmut/Pois      ##........   45%         3    ###....
 Blink                    Tloc           N/A          56%         2    ##.....
 Shroud of Golubria       Chrm/Tloc      #.........   56%         2    ##.....


Dungeon Overview and Level Annotations

Branches:
Dungeon (2/15)

Altars:
Gozag

Shops:
D:2 *


Innate Abilities, Weirdness & Mutations

Your experience applies equally to all skills.
You have very sharp teeth.
Your uncanny sense of smell can sniff out nearby items.


Message History

Found a scroll labeled PUOGOWERISH.
Found 10 gold pieces.
A frilled lizard comes into view.
The frilled lizard hisses angrily.
Found 17 stones.
Found 15 sling bullets.
The frilled lizard is too close now for your liking.
Found a chain mail.
There is an opulent altar of Gozag here.
Found a scroll labeled SED ENOTOHUDU.
Found a scale mail.
There is an entrance to Gozag's Platinum Reserve here.
Unknown command.
You barely miss the frilled lizard.
The frilled lizard bites you but does no damage.
You hit the frilled lizard.
You kill the frilled lizard!
You see here a frilled lizard corpse.
There is an opulent altar of Gozag here.
Are you sure you want to abandon this character and quit the game? (Confirm with "yes".)

......... #.....?..
....# #.$......∆ ∆ ....
∆ #........ #.. ####
##..#.#.## #.# .^.
.l..)....#####.##.# ####
#...........#..##.... #
#....##......).....
##.###.@#........##..###
#[.#....####..##.#..#...
(....##.####.###.).#..#
...#.......#.# ##....#
## #.≈≈.≈≈.#.# #..#....(
#.≈...≈...# #.###.##.
#.≈._.≈.#####.###...
#≈≈.†.≈≈# #.<.....>##
.###≈.....≈###..####.##


There were no monsters in sight!

Vanquished Creatures
  An ooze (D:2)
  2 dart slugs (D:1)
  4 giant cockroaches (D:1)
  2 goblins (D:1)
  5 hobgoblins
  A quokka (D:2)
  A bat (D:1)
  5 frilled lizards
  13 rats
34 creatures vanquished.

Notes
Turn   | Place    | Note
-------+----------+-------------------------------------------
     0 | D:1      | Yuikono the Gnoll Wanderer began the quest for the Orb.
     0 | D:1      | Yuikono set off with the following items: a +2 scale mail,
                  | a +0 club, a ration; and the following spell memorised:
                  | Sting; and the following spells available to memorise:
                  | Spider Form, Blink, Shroud of Golubria
     0 | D:1      | Reached XP level 1. HP: 17/17 MP: 6/6
   316 | D:1      | Reached XP level 2. HP: 15/23 MP: 7/7
   838 | D:1      | Reached XP level 3. HP: 28/28 MP: 9/9
   889 | D:1      | Reached skill level 5 in Spellcasting
   961 | D:2      | Found Gozag's Platinum Reserve.
   962 | D:2      | Found an opulent altar of Gozag.
  1009 | D:2      | Reached skill level 1 in Invocations
  1045 | D:2      | Quit the game

Skill      XL: |  1  2  3 |
---------------+----------+-----
Spellcasting   | 5 |  5.0
Invocations    | 1 |  1.0
Fighting       | |  2.6
Short Blades   | |  0.8
Long Blades    | |  0.8
Axes           | |  0.8
Maces & Flails | |  0.8
Polearms       | |  0.8
Staves         | |  0.8
Slings         | |  0.8
Bows           | |  0.8
Crossbows      | |  0.8
Throwing       | |  2.6
Armour         | |  4.5
Dodging        | |  0.8
Stealth        | |  2.4
Shields        | |  0.8
Unarmed Combat | |  0.8
Conjurations   | |  0.5
Hexes          | |  0.5
Charms         | |  0.5
Summonings     | |  0.5
Necromancy     | |  0.5
Translocations | |  0.5
Transmutations | |  0.5
Fire Magic     | |  0.5
Ice Magic      | |  0.5
Air Magic      | |  0.5
Earth Magic    | |  0.5
Poison Magic   | |  5.4
Evocations     | |  0.8

Action                   || total
-------------------------++-------
Melee: Club              ||    40
       Bite              ||    18
       Spear             ||    87
       Dagger            ||    18
Throw: Stone             ||     4
Armor: Scale mail        ||    77
Dodge: Dodged            ||    69
